Description

Game one of her series against Neeb. Neeb plays a two-base expansion with an early Oracle Scout/Harass. Scarlett delays his scouting until the Nyduss NETWORK is completely built. She then lays a nydus which Neeb quickly responds to. However, it makes it so he's too busy to defend the wall at the natural. In the end, she overpowers him with Nydus in the natural, then the main.

VOD

https://www.youtube.com/watch?v=ztlYkDbtJUI

Build Order

Get SALT Encoding   

  13  0:13  Overlord  
  17  0:44  Drone, Extractor  
  17  0:51  Spawning Pool  
  18  1:17  Hatchery  Natrual
  19  1:38  Queen  
  22  1:50  Metabolic Boost  
  22  1:55  Queen, Overlord, Lair  Natural
  69  2:50  Queen, Zergling x9  Mass lings, MASS, MASS
  69  3:22  Nydus Network  Start right when Lair is finished
Spawning Tool Build Advisor. Get it on Overwolf

Go to:

Details

  • Created by: DanCariou
  • Published on: Aug 22, 2019
  • Modified on: Aug 22, 2019
  • Patch: 4.7.1
Show
View Real Time Build Order
Export as new Build Order

Comments (0)

There are no comments. Be the first!

Create an account to comment!